| TOP OF THE 1ST |
|
Portland Sea Dogs batting - Pitching for Northwest Arkansas Naturals : RHP Brett Essary
|
|
Pitching: RHP Brett Essary
|
|
|
Batting: RHB Sal Rivera
|
0-0: Ball 1-0: Foul Ball, location: 2F 1-1: Ball 2-1: Ball 3-1: Foul Ball, location: 2F 3-2: Foul Ball, location: 2F 3-2: Ground out 6-3 (Groundball, 6M, EV 77.5 MPH)
|
|
Batting: RHB Mike Batko
|
0-0: Called Strike 0-1: Ball 1-1: Called Strike 1-2: Strikes out swinging
|
|
Batting: RHB Ernie Genier
|
0-0: Ball 1-0: Ball 2-0: Ball 3-0: Called Strike 3-1: SINGLE (Line Drive, 5L, EV 95.6 MPH)
|
|
Batting: RHB Alex Melendez
|
0-0: Ball 1-0: Foul Ball, location: 2F 1-1: Called Strike 1-2: Strikes out swinging
|
| Top of the 1st over - 0 runs, 1 hit, 0 errors, 1 left on base; Portland 0 - Northwest Arkansas 0 |
| BOTTOM OF THE 1ST |
|
Northwest Arkansas Naturals batting - Pitching for Portland Sea Dogs : LHP Jason Salzer
|
|
Pitching: LHP Jason Salzer
|
|
|
Batting: RHB Chad Sullivan
|
0-0: Ball 1-0: Bunted foul 1-1: Swinging Strike 1-2: Ball 2-2: Foul Ball, location: 2F 2-2: Foul Ball, location: 2F 2-2: Ground out 6-3 (Groundball, 6D, EV 81.9 MPH)
|
|
Batting: RHB Edwin Ramos
|
0-0: Called Strike 0-1: SOLO HOME RUN (Flyball, 9D, EV 97.5 MPH), Distance : 394 ft
|
|
Batting: LHB Edgar Ortiz
|
0-0: Called Strike 0-1: Foul Ball, location: 2F 0-2: Strikes out swinging
|
|
Batting: RHB Nick Julien
|
0-0: Ball 1-0: Called Strike 1-1: Called Strike 1-2: Foul Ball, location: 2F 1-2: Fly out, F6 (Line Drive, 4D, EV 60.0 MPH)
|
| Bottom of the 1st over - 1 run, 1 hit, 0 errors, 0 left on base; Portland 0 - Northwest Arkansas 1 |
| TOP OF THE 2ND |
|
Portland Sea Dogs batting - Pitching for Northwest Arkansas Naturals : RHP Brett Essary
|
|
Batting: RHB Travis Campbell
|
0-0: Ball 1-0: Swinging Strike 1-1: Called Strike 1-2: Strikes out looking
|
|
Batting: LHB Keith Rice
|
0-0: Ball 1-0: Swinging Strike 1-1: Foul Ball, location: 2F 1-2: SINGLE (Groundball, 34D, EV 106.2 MPH)
|
|
Batting: RHB Miguel Villanueva
|
0-0: Ball 1-0: Called Strike 1-1: Ball 2-1: Ball 3-1: Foul Ball, location: 2F 3-2: Base on Balls Keith Rice to second
|
|
Batting: RHB Frank Sokolosky
|
0-0: Ball 1-0: Ball 2-0: Foul Ball, location: 2F 2-1: Foul Ball, location: 2F 2-2: Strikes out swinging
|
|
Batting: LHB Dave Reyes
|
0-0: Ball 1-0: Called Strike 1-1: Ball 2-1: Fly out, F7 (Flyball, 7D, EV 100.6 MPH)
|
| Top of the 2nd over - 0 runs, 1 hit, 0 errors, 2 left on base; Portland 0 - Northwest Arkansas 1 |
| BOTTOM OF THE 2ND |
|
Northwest Arkansas Naturals batting - Pitching for Portland Sea Dogs : LHP Jason Salzer
|
|
Batting: RHB Jonas Fernandez
|
0-0: Ball 1-0: Called Strike 1-1: Called Strike 1-2: Ball 2-2: Fly out, F8 (Flyball, 8LD, EV 100.0 MPH)
|
|
Batting: RHB Ian Hornsby
|
0-0: Called Strike 0-1: Foul Ball, location: 2F 0-2: Ball 1-2: Foul Ball, location: 2F 1-2: SINGLE (Groundball, 4D, EV 96.9 MPH)
|
|
Batting: LHB Danny Zuniga
|
0-0: Grounds into double play, 6-4-3 (Groundball, 6MD, EV 90.0 MPH)
|
| Bottom of the 2nd over - 0 runs, 1 hit, 0 errors, 0 left on base; Portland 0 - Northwest Arkansas 1 |
| TOP OF THE 3RD |
|
Portland Sea Dogs batting - Pitching for Northwest Arkansas Naturals : RHP Brett Essary
|
|
Batting: RHB Sal Rivera
|
0-0: Called Strike 0-1: Ball 1-1: Called Strike 1-2: Strikes out swinging
|
|
Batting: RHB Mike Batko
|
0-0: Foul Ball, location: 2F 0-1: Called Strike 0-2: Foul Ball, location: 2F 0-2: Foul Ball, location: 2F 0-2: Ball 1-2: Ground out 6-3 (Groundball, 6, EV 80.0 MPH)
|
|
Batting: RHB Ernie Genier
|
0-0: Ball 1-0: Foul Ball, location: 2F 1-1: Foul Ball, location: 2F 1-2: Ball 2-2: Foul Ball, location: 2F 2-2: Foul Ball, location: 2F 2-2: Ground out 6-3 (Groundball, 6, EV 86.9 MPH)
|
| Top of the 3rd over - 0 runs, 0 hits, 0 errors, 0 left on base; Portland 0 - Northwest Arkansas 1 |
| BOTTOM OF THE 3RD |
|
Northwest Arkansas Naturals batting - Pitching for Portland Sea Dogs : LHP Jason Salzer
|
|
Batting: LHB David Bearden
|
0-0: Ball 1-0: Ground out 5-3 (Groundball, 56, EV 105.6 MPH)
|
|
Batting: RHB Trevor Kingston
|
0-0: Ball 1-0: Called Strike 1-1: Foul Ball, location: 2F 1-2: Ball 2-2: Strikes out swinging
|
|
Batting: RHB Chad Sullivan
|
0-0: Ball 1-0: Called Strike 1-1: Ball 2-1: Ground out 5-3 (Groundball, 56, EV 91.2 MPH)
|
| Bottom of the 3rd over - 0 runs, 0 hits, 0 errors, 0 left on base; Portland 0 - Northwest Arkansas 1 |
| TOP OF THE 4TH |
|
Portland Sea Dogs batting - Pitching for Northwest Arkansas Naturals : RHP Brett Essary
|
|
Batting: RHB Alex Melendez
|
0-0: Hit by Pitch
|
|
Batting: RHB Travis Campbell
|
0-0: Ball 1-0: Ground out 4-3 (Groundball, 34, EV 108.1 MPH) Alex Melendez to second
|
|
Batting: LHB Keith Rice
|
0-0: Called Strike 0-1: Swinging Strike 0-2: Ball 1-2: Strikes out swinging
|
|
Batting: RHB Miguel Villanueva
|
0-0: Ball 1-0: Ball 2-0: Ball 3-0: Base on Balls
|
|
Batting: RHB Frank Sokolosky
|
0-0: Foul Ball, location: 2F 0-1: Ball 1-1: Called Strike 1-2: Ground out U3 (Groundball, 34, EV 102.5 MPH)
|
| Top of the 4th over - 0 runs, 0 hits, 0 errors, 2 left on base; Portland 0 - Northwest Arkansas 1 |
| BOTTOM OF THE 4TH |
|
Northwest Arkansas Naturals batting - Pitching for Portland Sea Dogs : LHP Jason Salzer
|
|
Batting: RHB Edwin Ramos
|
0-0: Called Strike 0-1: Fly out, F9 (Flyball, 9S, EV 85.0 MPH)
|
|
Batting: LHB Edgar Ortiz
|
0-0: Fly out, F8 (Flyball, 8RXD, EV 96.2 MPH)
|
|
Batting: RHB Nick Julien
|
0-0: Ball 1-0: Ball 2-0: Foul Ball, location: 2F 2-1: Called Strike 2-2: Strikes out swinging
|
| Bottom of the 4th over - 0 runs, 0 hits, 0 errors, 0 left on base; Portland 0 - Northwest Arkansas 1 |
| TOP OF THE 5TH |
|
Portland Sea Dogs batting - Pitching for Northwest Arkansas Naturals : RHP Brett Essary
|
|
Pitching: RHP Kevin Fleming
|
|
|
Batting: LHB Dave Reyes
|
0-0: Ball 1-0: Ball 2-0: SINGLE (Groundball, 4M, EV 101.9 MPH) (infield hit)
|
|
Batting: RHB Sal Rivera
|
0-0: Ball 1-0: Foul Ball, location: 2F 1-1: Fielders Choice at 2nd, 1-6 (Groundball, 13S, EV 72.5 MPH)
|
|
Batting: RHB Mike Batko
|
0-0: Called Strike 0-1: Ball 1-1: Ball 2-1: Grounds into double play, 6-4-3 (Groundball, 56, EV 100.0 MPH)
|
| Top of the 5th over - 0 runs, 1 hit, 0 errors, 0 left on base; Portland 0 - Northwest Arkansas 1 |
| BOTTOM OF THE 5TH |
|
Northwest Arkansas Naturals batting - Pitching for Portland Sea Dogs : LHP Jason Salzer
|
|
Batting: RHB Jonas Fernandez
|
0-0: Ball 1-0: DOUBLE (Flyball, 89D, EV 102.5 MPH)
|
|
Batting: RHB Ian Hornsby
|
0-0: Foul Ball, location: 2F 0-1: Swinging Strike 0-2: Ball 1-2: Ball 2-2: Strikes out swinging
|
|
Batting: LHB Danny Zuniga
|
0-0: Ball 1-0: Foul Ball, location: 2F 1-1: Ball 2-1: Foul Ball, location: 2F 2-2: Ball 3-2: Ground out 6-3 (Groundball, 4M, EV 107.5 MPH) Jonas Fernandez to third
|
|
Batting: LHB David Bearden
|
0-0: Hit by Pitch
|
|
Batting: RHB Trevor Kingston
|
0-0: Called Strike 0-1: Ball 1-1: Foul Ball, location: 2F 1-2: Ball 2-2: Strikes out swinging
|
| Bottom of the 5th over - 0 runs, 1 hit, 0 errors, 2 left on base; Portland 0 - Northwest Arkansas 1 |
| TOP OF THE 6TH |
|
Portland Sea Dogs batting - Pitching for Northwest Arkansas Naturals : RHP Kevin Fleming
|
|
Batting: RHB Ernie Genier
|
0-0: Ball 1-0: Swinging Strike 1-1: Called Strike 1-2: Strikes out looking
|
|
Batting: RHB Alex Melendez
|
0-0: Ball 1-0: Called Strike 1-1: Ball 2-1: Fly out, F9 (Flyball, 9S, EV 85.0 MPH)
|
|
Batting: RHB Travis Campbell
|
0-0: Ball 1-0: Ground out 6-3 (Groundball, 6, EV 85.0 MPH)
|
| Top of the 6th over - 0 runs, 0 hits, 0 errors, 0 left on base; Portland 0 - Northwest Arkansas 1 |
| BOTTOM OF THE 6TH |
|
Northwest Arkansas Naturals batting - Pitching for Portland Sea Dogs : LHP Jason Salzer
|
|
Batting: RHB Chad Sullivan
|
0-0: Called Strike 0-1: Swinging Strike 0-2: Strikes out looking
|
|
Batting: RHB Edwin Ramos
|
0-0: Called Strike 0-1: Ball 1-1: Ball 2-1: Foul Ball, location: 2F 2-2: Foul Ball, location: 2F 2-2: SINGLE (Line Drive, 89M, EV 98.1 MPH)
|
|
Batting: LHB Edgar Ortiz
|
0-0: Called Strike 0-1: Called Strike 0-2: SINGLE (Line Drive, 6D, EV 99.4 MPH) Edwin Ramos to second
|
|
Batting: RHB Nick Julien
|
0-0: Ball 1-0: Fly out, F9 (Line Drive, 89M, EV 103.8 MPH)
|
|
Batting: RHB Jonas Fernandez
|
0-0: Foul Ball, location: 2F 0-1: Fly out, F6 (Flyball, 6D, EV 96.2 MPH)
|
| Bottom of the 6th over - 0 runs, 2 hits, 0 errors, 2 left on base; Portland 0 - Northwest Arkansas 1 |
| TOP OF THE 7TH |
|
Portland Sea Dogs batting - Pitching for Northwest Arkansas Naturals : RHP Kevin Fleming
|
|
Pitching: LHP Walter Whiteman
|
|
|
Pinch Hitting: RHB Larry Brocato
|
0-0: Foul Ball, location: 2F 0-1: Foul Ball, location: 2F 0-2: Ball 1-2: Strikes out swinging
|
|
Batting: RHB Miguel Villanueva
|
0-0: Ball 1-0: Foul Ball, location: 2F 1-1: Foul Ball, location: 2F 1-2: Foul Ball, location: 2F 1-2: Fly out, F4 (Line Drive, 4, EV 63.1 MPH)
|
|
Batting: RHB Frank Sokolosky
|
0-0: Ball 1-0: Reached on error, E6 (Groundball, 6, EV 89.4 MPH)
|
|
Pinch Hitting: RHB Mike Cavagnaro
|
0-0: Called Strike 0-1: Foul Ball, location: 2F 0-2: Foul Ball, location: 2F 0-2: Foul Ball, location: 2F 0-2: Foul Ball, location: 2F 0-2: Ground out 5-3 (Groundball, 5, EV 86.2 MPH)
|
| Top of the 7th over - 0 runs, 0 hits, 1 error, 1 left on base; Portland 0 - Northwest Arkansas 1 |
| BOTTOM OF THE 7TH |
|
Northwest Arkansas Naturals batting - Pitching for Portland Sea Dogs : LHP Jason Salzer
|
|
Now at 1B: Larry Brocato
|
|
|
Now in CF: Zi-jing Wang
|
|
|
Batting: RHB Ian Hornsby
|
0-0: Called Strike 0-1: Fly out, F6 (Popup, 4MS, EV 77.5 MPH)
|
|
Batting: LHB Danny Zuniga
|
0-0: Ball 1-0: Called Strike 1-1: Ground out 5-3 (Groundball, 56S, EV 91.2 MPH)
|
|
Batting: LHB David Bearden
|
0-0: Called Strike 0-1: Fly out, F6 (Popup, 4MD, EV 53.8 MPH)
|
| Bottom of the 7th over - 0 runs, 0 hits, 0 errors, 0 left on base; Portland 0 - Northwest Arkansas 1 |
| TOP OF THE 8TH |
|
Portland Sea Dogs batting - Pitching for Northwest Arkansas Naturals : LHP Walter Whiteman
|
|
Batting: RHB Sal Rivera
|
0-0: Fly out, F7 (Flyball, 7, EV 92.5 MPH)
|
|
Batting: RHB Mike Batko
|
0-0: Called Strike 0-1: Ground out 6-3 (Groundball, 6, EV 87.5 MPH)
|
|
Batting: RHB Ernie Genier
|
0-0: Ground out 6-3 (Groundball, 6, EV 98.1 MPH)
|
| Top of the 8th over - 0 runs, 0 hits, 0 errors, 0 left on base; Portland 0 - Northwest Arkansas 1 |
| BOTTOM OF THE 8TH |
|
Northwest Arkansas Naturals batting - Pitching for Portland Sea Dogs : LHP Jason Salzer
|
|
Batting: RHB Trevor Kingston
|
0-0: SINGLE (Line Drive, 34, EV 101.2 MPH)
|
|
Batting: RHB Chad Sullivan
|
0-0: Bunted foul 0-1: Ball 1-1: Bunted foul 1-2: Ball 2-2: Foul Ball, location: 2F 2-2: Fielders Choice at 2nd, 4-6 (Groundball, 4S, EV 85.6 MPH)
|
|
Batting: RHB Edwin Ramos
|
0-0: Ball 1-0: Swinging Strike 1-1: Ball 2-1: Ball 3-1: Fly out, F8 (Flyball, 8RD, EV 94.4 MPH)
|
|
Pitching: RHP Elliot Monroe
|
|
|
Batting: LHB Edgar Ortiz
|
0-0: Swinging Strike 0-1: Ball Chad Sullivan steals 2nd base 1-1: Ground out 6-3 (Groundball, 4M, EV 88.1 MPH)
|
| Bottom of the 8th over - 0 runs, 1 hit, 0 errors, 1 left on base; Portland 0 - Northwest Arkansas 1 |
| TOP OF THE 9TH |
|
Portland Sea Dogs batting - Pitching for Northwest Arkansas Naturals : LHP Walter Whiteman
|
|
Pitching: RHP Malachi Shelton
|
|
|
Now at 1B: Nick Julien
|
|
|
Now at 2B: Trevor Kingston
|
|
|
Now in CF: Chad Sullivan
|
|
|
Now in RF: Kevin Allen
|
|
|
Pinch Hitting: LHB Julian Toney
|
0-0: Called Strike 0-1: Swinging Strike 0-2: Strikes out looking
|
|
Pinch Hitting: LHB Aaron Brannon
|
0-0: Ball 1-0: Reached on error, E4 (Groundball, 34S, EV 86.9 MPH)
|
|
Pinch Hitting: LHB Sergio Tinoco
|
0-0: Called Strike 0-1: Ball 1-1: Fly out, F8 (Flyball, 8LS, EV 96.2 MPH)
|
|
Pinch Hitting: LHB Parker Lowe
|
0-0: Called Strike 0-1: Ground out 2-3 (Groundball, 2L, EV 76.2 MPH)
|
| Top of the 9th over - 0 runs, 0 hits, 1 error, 1 left on base; Portland 0 - Northwest Arkansas 1 |
|